 Dungeon Crawl Stone Soup version 0.31.0-11-ge490571c62 (webtiles) character file.

Game seed: 15452331701131085021

212 qw the Skirmisher (level 5, -2/30 HPs)
             Began as a Deep Elf Hunter on Feb 4, 2024.
             Incinerated by a bombardier beetle (3 damage)
             ... with a burning spray
             ... on level 4 of the Dungeon.
             The game lasted 00:00:07 (2217 turns).

qw the Skirmisher (Deep Elf Hunter)                 Turns: 2217, Time: 00:00:07

Health: -2/30      AC:  6    Str: 10    XL:     5   Next: 58%
Magic:  7/7        EV: 11    Int: 14    God:
Gold:   138        SH:  0    Dex: 18    Spells: 4/4 levels left

rFire   . . .        a - +3 shortbow
rCold   . . .        (shield currently unavailable)
rNeg    + . .        d - +0 ring mail
rPois   .            (no helmet)
rElec   .            f - +0 cloak
rCorr   .            (no gloves)
SInv    .            (no boots)
Will    .....        (no amulet)
Stlth   +            j - ring of positive energy
HPRegen 0.25/turn    (no ring)
MPRegen 0.10/turn

%: no passive effects
@: on fire, glowing
A: no striking features
a: no special abilities


You were on level 4 of the Dungeon.
You visited 1 branch of the dungeon, and saw 4 of its levels.

You collected 138 gold pieces.


   Skills:
 + Level 2.0 Fighting
 - Level 14.9 Ranged Weapons
 - Level 1.1 Armour
 - Level 3.0 Dodging
 - Level 1.2 Stealth


You had 4 spell levels left.
You didn't know any spells.
Your spell library was empty.

Inventory:

Hand Weapons
 a - a +3 shortbow (weapon)
Armour
 d - a +0 ring mail (worn)
 f - a +0 cloak (worn)
Jewellery
 j - a ring of positive energy (left hand)
Potions
 b - a potion of haste {unknown}
 c - a potion of mutation {unknown}

Dungeon Overview and Level Annotations

Branches:
Dungeon (4/15)
 Temple: D:4-7

Altars:

Shops:
D:2 [


Message History

You shoot an arrow. The arrow hits the adder!
You kill the adder!
You shoot an arrow. The arrow hits the ribbon worm.
The ribbon worm is lightly wounded.
You shoot an arrow. The arrow hits the ribbon worm!
The ribbon worm is severely wounded.
The ribbon worm barely misses you.
You shoot an arrow. The arrow hits the ribbon worm!
You kill the ribbon worm!
You shoot an arrow.
The arrow barely misses the bombardier beetle.
The bombardier beetle sprays incendiary fluid at you.
The burning spray hits you.
You are covered in liquid fire!
You shoot an arrow. The arrow hits the bombardier beetle.
The bombardier beetle is severely wounded.
The liquid fire burns you!
You shoot an arrow.
The arrow barely misses the bombardier beetle.
The liquid fire burns you! The bombardier beetle bites you.
You shoot an arrow. The arrow hits the bombardier beetle.
The bombardier beetle is almost dead.
The liquid fire burns you!
The bombardier beetle closely misses you.
You shoot an arrow. The arrow hits the bombardier beetle!
You kill the bombardier beetle!
The liquid fire burns you!
Your Armour skill increases to level 1!
You are on fire!
The liquid fire burns you!
You are on fire!
The liquid fire burns you!
You are on fire!
The liquid fire burns you!
You are on fire!
The liquid fire burns you!
You are on fire!
The liquid fire burns you!
You die...

#.# ... #.# #
#.#
###.###.#######
...............
......%.%......
#@# #.# #.# #.#
######.#
#...>..#
#.###### #.#
#.#


There were no monsters in sight!

Vanquished Creatures
  A bombardier beetle (D:4)
  6 adders
  A dart slug (D:4)
  3 ribbon worms
  An orc (D:3)
  4 ball pythons
  7 endoplasms
  2 giant cockroaches (D:1)
  6 goblins
  6 hobgoblins
  8 jackals
  A quokka (D:2)
  5 bats
  5 frilled lizards
  9 kobolds
  11 rats
76 creatures vanquished.

Notes
Turn   | Place    | Note
-------+----------+-------------------------------------------
     0 | D:1      | qw the Deep Elf Hunter began the quest for the Orb.
     0 | D:1      | Reached XP level 1. HP: 12/12 MP: 3/3
     0 | D:1      | 0 ||| qw: Version: 0.3-a-160-g6735b56
     0 | D:1      | 0 ||| qw: Game counter: 4457
     0 | D:1      | 0 ||| qw: Melee chars always use a shield: true
     0 | D:1      | 0 ||| qw: God list: Okawaru
     0 | D:1      | 0 ||| qw: Allow faded altars: false
     0 | D:1      | 0 ||| qw: Do Orc after clearing Dungeon:15 true
     0 | D:1      | 0 ||| qw: Do second Lair branch before Depths: true
     0 | D:1      | 0 ||| qw: Lair rune preference: random
     0 | D:1      | 0 ||| qw: Goals: Normal
     0 | D:1      | 0 ||| PLANNING D:1-11
    28 | D:1      | Reached XP level 2. HP: 6/16 MP: 4/4
    90 | D:1      | Reached skill level 6 in Ranged Weapons
   112 | D:1      | Noticed a shining eye
   113 | D:1      | Found a faded altar of an unknown god.
   120 | D:1      | Noticed a great orb of eyes
   120 | D:1      | Noticed a shining eye
   120 | D:1      | Noticed an eye of devastation
   407 | D:1      | Reached XP level 3. HP: 20/20 MP: 5/5
   461 | D:1      | 461 ||| UPGRADING to +0 ring mail.
   471 | D:1      | 471 ||| DROPPING +0 leather armour.
   472 | D:1      | 472 ||| UPGRADING to +0 cloak.
   477 | D:1      | 477 ||| UPGRADING to ring of positive energy.
   478 | D:1      | 478 ||| READING 2 scrolls labelled TOILLY WIUNU.
   478 | D:1      | 478 ||| IDENTIFYING fizzy orange potion
   479 | D:1      | 479 ||| DRINKING potion of experience.
   479 | D:1      | Reached skill level 14 in Ranged Weapons
   479 | D:1      | Reached XP level 4. HP: 25/25 MP: 6/6
   480 | D:1      | 480 ||| READING scroll of identify.
   480 | D:1      | 480 ||| IDENTIFYING scroll labelled WUDAVU BIM VOR
   481 | D:1      | 481 ||| READING scroll labelled BEPRAE OVAONADA.
   481 | D:1      | 481 ||| ENCHANTING +0 shortbow.
   482 | D:1      | 482 ||| DROPPING scroll of butterflies.
   483 | D:1      | 483 ||| DROPPING scroll of poison.
  1081 | D:2      | 1081 ||| READING scroll of enchant weapon.
  1081 | D:2      | 1081 ||| ENCHANTING +1 shortbow.
  1200 | D:2      | Found Saraxaor's Antique Armour Emporium.
  1207 | D:2      | 1207 ||| SHOPLISTING glowing hat (189 gold, have 112).
  1207 | D:2      | 1207 ||| SHOPLISTING helmet (121 gold, have 112).
  1207 | D:2      | 1207 ||| SHOPLISTING shiny scale mail (189 gold, have 112).
  1428 | D:2      | 1428 ||| READING scroll labelled HANNEPPIHY.
  1431 | D:2      | 1431 ||| READING scroll labelled LAUWOP SOETU.
  1590 | D:3      | Reached XP level 5. HP: 30/30 MP: 7/7
  1712 | D:3      | Reached skill level 3 in Dodging
  1898 | D:3      | 1898 ||| READING scroll of enchant weapon.
  1898 | D:3      | 1898 ||| ENCHANTING +2 shortbow.
  2037 | D:3      | 2037 ||| READING scroll labelled POMIQE XUALO.
  2038 | D:3      | 2038 ||| READING scroll labelled NOFRUQ JAIBO.
  2039 | D:3      | 2039 ||| READING scroll labelled LATZEU LIAT.
  2065 | D:4      | 2065 ||| PLANNING OSSUARY
  2213 | D:4      | Reached skill level 1 in Armour
  2215 | D:4      | HP: 5/30 [burnt (3)]
  2216 | D:4      | HP: 1/30 [burnt (5)]
  2217 | D:4      | Incinerated by a bombardier beetle

Levels and vault maps discovered:
D:1:      dpeg_arrival_ratfight, layout_rooms,
          hellmonk_ecumenical_altar_watching_god
D:2:      layout_loops_corners, serial_shops, nicolae_shop_trees,
          nicolae_underground_beach
D:3:      layout_loops_ring
D:4:      layout_loops_ring, nicolae_ossuary_entry_monument

Skill      XL: |  1  2  3  4  5 |
---------------+----------------+-----
Ranged Weapons | 6 14 | 14.9
Fighting       | 2 |  2.0
Dodging        | 3 |  3.0
Armour         | 1 |  1.1
Stealth        | |  1.2

Action                     |  1- 3 |  4- 6 || total
---------------------------+-------+-------++-------
   Fire: Shortbow          |    58 |   108 ||   166
    Use: Scroll            |     1 |     9 ||    10
         Potion            |     1 |       ||     1
 Armour: Leather armour    |     7 |       ||     7
         Ring mail         |       |    11 ||    11
  Dodge: Dodged            |    13 |     6 ||    19

Table legend:
 A = Non-vault XP
 B = Vault XP
 C = Vault XP percentage of total XP
 D = Non-vault monster count
 E = Vault monster count
 F = Vault count percentage of total count
                 A         B        C        D         E       F
            +---------+---------+-------+---------+---------+-------
      Total |     239 |       5 |   2.0 |      71 |       5 |   6.6
            +---------+---------+-------+---------+---------+-------
        D:1 |      40 |       5 |  11.1 |      24 |       5 |  17.2
        D:2 |      56 |       0 |   0.0 |      26 |       0 |   0.0
        D:3 |      78 |       0 |   0.0 |      17 |       0 |   0.0
        D:4 |      65 |       0 |   0.0 |       4 |       0 |   0.0
            +---------+---------+-------+---------+---------+-------
